AoeStats
← dashuaibi

Arena

509856168Analyzed
4v4 RM · 3d ago on Sep 28, 2026· 45m 45s· 8 players
Game mode
Random Map
Map size
Large (8 player)
Population
200
Speed
Normal
Resources
Standard
Victory
Conquest
Starting age
Dark Age
Ending age
Imperial Age
RankedLock teamsTeams togetherTeam positionsShared explorationLock speedFull tech treeHidden civsTurbo modeCheats
Victory
Defeat
🇨🇳 Franks · China
1380
+16
🇨🇳 Wu · China
1379
+16
🇨🇳 Bohemians · China
1378
+16
🇸🇬 Maya · Singapore
1376
+17
🇳🇱 Ethiopians · Netherlands
1447
-18
🇨🇳 Britons · China
1432
-18
🇳🇱 Slavs · Netherlands
1372
-16
🇫🇷 Persians · France
1302
-13
dashuaibi
10:57 Feudal Age
14:49 Castle Age
13:07 Double-Bit Axe
13:38 Horse Collar
17:33 Fervor
22:24 Bow Saw
22:15 Heavy Plow
24:32 Wheelbarrow
27:57 Imperial Age
26:30 Hand Cart
26:00 Loom
26:11 Fletching
26:22 Scale Mail Armor
26:34 Town Watch
27:41 Ballistics
28:22 Chemistry
28:00 Bodkin Arrow
28:20 Chain Mail Armor
28:16 Forging
29:05 Conscription
29:05 Siege Engineers
30:06 Plate Mail Armor
29:40 Squires
29:25 Arson
29:01 Pikeman
30:15 Wagenburg Tactics
30:55 Elite Hussite Wagon
32:44 Iron Casting
32:09 Bracer
32:42 Houfnice
34:26 Masonry
34:28 Fortified Wall
34:13 Murder Holes
35:23 Two-Man Saw
36:21 Blast Furnace
39:32 Architecture
Han Byeong-guk
0:28 Loom
10:43 Feudal Age
12:10 Double-Bit Axe
14:35 Castle Age
12:51 Horse Collar
13:39 Stone Mining
15:40 Gold Mining
19:00 Heavy Plow
20:40 Bow Saw
22:11 Wheelbarrow
23:10 Stone Shaft Mining
29:52 Imperial Age
27:48 Scale Mail Armor
27:58 Forging
28:10 Fletching
28:59 Hand Cart
28:29 Town Watch
28:28 Crossbowman
29:06 Bodkin Arrow
28:56 Pikeman
29:36 Squires
29:47 Padded Archer Armor
29:54 Arbalester
30:37 Bracer
31:30 Chain Mail Armor
31:26 Forging
31:49 Holcans
31:40 Conscription
30:56 Eagle Warrior
31:21 Arson
31:51 Elite Eagle Warrior
33:54 Plate Mail Armor
34:27 Iron Casting
34:29 Bracer
37:54 Halberdier
XHK
9:36 Feudal Age
13:16 Castle Age
12:07 Double-Bit Axe
21:20 Bow Saw
21:48 Wheelbarrow
22:43 Gold Mining
24:36 Hand Cart
28:08 Imperial Age
25:54 Scale Barding Armor
26:41 Gold Shaft Mining
27:35 Chain Barding Armor
28:01 Husbandry
28:29 Forging
29:25 Plate Barding Armor
28:13 Cavalier
28:42 Town Watch
28:43 Loom
29:11 Chivalry
29:31 Conscription
29:49 Iron Casting
29:42 Paladin
32:39 Blast Furnace
33:14 Coinage
33:04 Ordonnance Companies
35:51 Light Cavalry
36:58 Stone Mining
38:02 Ballistics
38:43 Chemistry
38:05 Ballistics
37:26 Treadmill Crane
37:57 Masonry
40:13 Scale Mail Armor
40:21 Siege Engineers
39:58 Elite Throwing Axeman
41:14 Hoardings
41:19 Chain Mail Armor
43:34 Plate Mail Armor
42:55 Fletching
43:38 Architecture
43:59 Murder Holes
45:04 Banking
菜菜
10:17 Feudal Age
14:18 Castle Age
12:39 Double-Bit Axe
13:05 Horse Collar
15:24 Bow Saw
16:09 Forging
16:03 Scale Mail Armor
20:03 Wheelbarrow
22:45 Loom
23:17 Gold Mining
23:31 Heavy Plow
25:08 Hand Cart
26:27 Gold Mining
26:29 Stone Mining
32:12 Imperial Age
29:31 Pikeman
30:51 Chain Mail Armor
30:46 Forging
30:40 Squires
30:27 Arson
30:50 Town Watch
32:12 Gold Shaft Mining
32:12 Stone Shaft Mining
34:00 Iron Casting
33:22 Treadmill Crane
33:36 Halberdier
34:49 Plate Mail Armor
35:48 Blast Furnace
35:57 Masonry
36:50 Chemistry
36:33 Fletching
36:44 Padded Archer Armor
36:50 Scale Barding Armor
39:31 Architecture
39:24 Ballistics
39:16 Caravan
39:44 Bodkin Arrow
40:05 Leather Archer Armor
40:16 Conscription
39:59 Sitting Tiger
40:40 Bracer
41:01 Chain Barding Armor
42:21 Red Cliffs Tactics
42:37 Elite Fire Archer
pac.Padawan NL
10:00 Feudal Age
14:58 Castle Age
13:51 Double-Bit Axe
14:51 Horse Collar
15:53 Bow Saw
21:30 Gold Mining
22:21 Heavy Plow
23:03 Wheelbarrow
23:49 Loom
24:19 Hand Cart
23:50 Town Watch
24:30 Scale Mail Armor
24:40 Forging
25:00 Man-at-Arms
25:42 Squires
26:01 Chain Mail Armor
29:23 Imperial Age
28:01 Ballistics
27:52 Long Swordsman
29:41 Iron Casting
29:25 Two-Handed Swordsman
30:14 Heavy Scorpion
30:31 Champion
32:38 Chemistry
33:10 Pikeman
34:09 Druzhina
34:30 Conscription
33:51 Halberdier
35:22 Fortified Wall
35:22 Masonry
36:54 Siege Engineers
38:04 Capped Ram
39:49 Plate Mail Armor
40:19 Blast Furnace
39:32 Fletching
42:07 Bloodlines
41:58 Husbandry
41:18 Cavalier
42:47 Scale Barding Armor
44:55 Two-Man Saw
pac.artsNOOB
11:16 Feudal Age
12:12 Double-Bit Axe
12:10 Horse Collar
14:54 Castle Age
16:01 Bow Saw
16:33 Wheelbarrow
20:08 Hand Cart
21:19 Gold Mining
26:08 Imperial Age
23:56 Heavy Plow
23:57 Town Watch
24:16 Scale Mail Armor
25:07 Gold Shaft Mining
24:23 Stone Mining
25:17 Chain Mail Armor
25:13 Forging
25:29 Squires
25:42 Loom
27:51 Chemistry
27:28 Stone Shaft Mining
27:27 Onager
29:05 Plate Mail Armor
33:15 Two-Man Saw
32:17 Halberdier
32:43 Arson
34:01 Siege Engineers
35:13 Torsion Engines
35:33 Conscription
37:48 Ballistics
37:22 Fletching
37:08 Siege Onager
41:38 Masonry
42:37 Murder Holes
43:13 Architecture
maximefufer
11:40 Feudal Age
15:20 Castle Age
15:05 Horse Collar
15:11 Double-Bit Axe
15:35 Loom
17:15 Bow Saw
23:39 Wheelbarrow
23:14 Heavy Plow
23:13 Gold Mining
25:12 Gold Shaft Mining
24:59 Hand Cart
26:13 Forging
26:08 Scale Barding Armor
26:19 Town Watch
29:55 Imperial Age
27:29 Stone Mining
28:49 Iron Casting
28:30 Bloodlines
29:46 Stone Shaft Mining
29:33 Chain Barding Armor
29:45 Husbandry
29:46 Cavalier
31:32 Blast Furnace
31:34 Plate Barding Armor
33:03 Two-Man Saw
31:49 Heavy Camel Rider
35:08 Padded Archer Armor
37:39 Savar
39:56 Chemistry
40:48 Town Patrol
40:57 Caravan
43:15 Light Cavalry
chenst2020
10:48 Feudal Age
14:48 Castle Age
13:02 Double-Bit Axe
17:38 Wheelbarrow
18:51 Loom
23:42 Horse Collar
24:34 Heavy Plow
24:39 Stone Mining
29:27 Imperial Age
27:59 Hand Cart
28:49 Ballistics
28:32 Gold Mining
29:46 Fletching
31:21 Bodkin Arrow
32:08 Conscription
32:08 Murder Holes
32:58 Bracer
32:59 Padded Archer Armor
33:14 Scale Mail Armor
33:26 Forging
33:39 Bow Saw
34:52 Leather Archer Armor
35:54 Chemistry
35:26 Chain Mail Armor
34:33 Pikeman
36:29 Yeomen
36:41 Ring Archer Armor
36:39 Fortified Wall
36:36 Siege Engineers
37:56 Elite Longbowman
42:59 Masonry
43:23 Crossbowman
44:46 Architecture
44:50 Arbalester
45:25 Cranequins
Connection lost

Rejoining the realm…

Still unreachable

The connection could not be restored.

Session expired

The server has moved on; the page needs a fresh start.